 Dungeon Crawl Stone Soup version 0.31-a0-728-g01b46875f1 (webtiles) character file.

Game seed: 12340862952170747530

261 cforsyth the Trooper (level 6, -2/49 HPs)
             Began as a Djinni Chaos Knight on Sept 12, 2023.
             Was a Plaything of Xom.
             Shot with an arrow by a centaur (7 damage)
             ... on level 4 of the Dungeon.
             The game lasted 00:04:12 (3215 turns).

cforsyth the Trooper (Djinni Chaos Knight)          Turns: 3215, Time: 00:04:12

Health: -2/49      AC:  7    Str:  8 (11) XL:     6   Next: 42%
Gold:   142        EV: 11    Int: 14 (15) God:    Xom [....*.] SH:  0 Dex: 12 (13)

rFire   + + .        h - +2 whip (pain)
rCold   x . .        (no shield)
rNeg    . . .        l - +3 leather armour "Beliob" {Stlth+}
rPois   ∞            (no helmet)
rElec   .            (no cloak)
rCorr   .            m - +0 pair of gloves
SInv    .            (boots unavailable)
Will    .....        (no amulet)
Stlth   ++           (no ring)
HPRegen 0.28/turn    (no ring)
MPRegen 0.00/turn

%: infuse magic (-3 HP)
@: flying
A: sickness immunity, fire resistance 2, cold vulnerability 1, float, innate
caster, HP casting, extra vitality 1
a: Renounce Religion


You were on level 4 of the Dungeon.
You worshipped Xom.
You were a beloved toy of Xom.
You visited 1 branch of the dungeon, and saw 4 of its levels.

You collected 142 gold pieces.

Inventory:

Hand Weapons
 h - a +2 whip of pain (weapon)
Armour
 l - the +3 leather armour "Beliob" (worn) {Stlth+}
   (You found it on level 2 of the Dungeon)

   Stlth+:    It makes you more stealthy.
 m - a +0 pair of gloves (worn)
Wands
 g - a wand of paralysis (15)
Scrolls
 a - a scroll of blinking {unknown}
 b - 3 scrolls of teleportation {unknown}
 c - 2 scrolls of butterflies
 d - 2 scrolls of fog {unknown}
 e - 3 scrolls of enchant weapon {unknown}
 f - 2 scrolls of enchant armour {unknown}
 i - a scroll of poison {unknown}
 k - a scroll of identify {unknown}
Potions
 j - a potion of invisibility {unknown}


   Skills:
 + Level 5.1 Fighting
 - Level 2.6 Long Blades
 - Level 1.0 Armour
 - Level 2.1 Dodging
 + Level 2.9 Spellcasting
 + Level 2.9 Conjurations
 + Level 2.9 Hexes
   Level 0.0 Charms
 + Level 2.9 Summonings
 + Level 2.9 Necromancy
 + Level 2.9 Translocations
 + Level 2.9 Transmutations
 + Level 2.9 Fire Magic
 + Level 2.9 Ice Magic
 + Level 2.9 Air Magic
 + Level 2.9 Earth Magic
 + Level 2.9 Poison Magic


You knew the following spells:

 Your Spells              Type           Power      Damage    Failure   Level
a - Necrotise             Necr           40%        1d6       10%         1
b - Call Imp              Summ           20%        N/A       14%         2
Your spell library was empty.

Dungeon Overview and Level Annotations

Branches:
Dungeon (4/15)
 Temple: D:4-7

Altars:
Xom

Shops:
D:3 ?


Innate Abilities, Weirdness & Mutations

You are immune to sickness and miasma.
You are immune to poison.
Your flesh is very heat resistant. (rF++)
You are vulnerable to cold. (rC-)
You float through the air rather than walking.
You learn spells naturally, not from books.
Your magical power is your life essence.
You have superior vitality. (+4 MHP)


Message History

The centaur shoots an arrow.
The arrow completely misses you. The centaur closely misses you.
The centaur kicks you but does no damage.
You hit the centaur.
The centaur is moderately wounded.
The centaur barely misses you.
The centaur kicks you but does no damage.
You hit the centaur.
The centaur is moderately wounded.
The centaur shoots an arrow.
The arrow hits you! The centaur closely misses you.
The centaur kicks you but does no damage.
The centaur hits you but does no damage.
The centaur barely misses you.
You hit the centaur.
The centaur writhes in agony.
The centaur is heavily wounded.
The centaur shoots an arrow.
The arrow hits you!
The centaur hits you but does no damage.
The centaur completely misses you.
The centaur shoots an arrow.
The arrow hits you.
You hear an angry hiss.
You hit the centaur.
The centaur writhes in agony.
The centaur is severely wounded.
The centaur misses you.
The centaur kicks you but does no damage.
The centaur shoots an arrow.
The arrow hits you!
* * * LOW HITPOINT WARNING * * *
The centaur hits you.
* * * LOW HITPOINT WARNING * * *
The centaur kicks you but does no damage.
A ball python comes into view.
It was a potion of degeneration.
There was something very wrong with that liquid.
You feel weakened.
You feel dopey.
You feel clumsy.
The centaur shoots an arrow.
The arrow completely misses you.
The centaur hits you but does no damage.
The centaur kicks you but does no damage.
The centaur shoots an arrow.
The arrow hits you!
You die...
Xom is highly amused!

#. #.#. #...## ########..
:#... #..... #.....#..
...#.#####...## #........##
..##.........>. #....
....##.##S...........
#.....#.#......c#..........
#.....#.#..._..#####.......
#.........# #.......
#.##.##@..## #.....†.
#<...c...# #.......
#........# #.......
##.........# #.......
......##.?.....#.##.
#.##...# .###..#.##. ..
#.##.. ....>..... ... #.#
.# .#..## #. .. .


You could see 2 centaurs and a ball python.

Vanquished Creatures
  A scorpion (D:3)
  2 orc wizards (D:3)
  6 adders
  A gnoll (D:3)
  A worm (D:3)
  2 dart slugs
  4 orcs (D:3)
  3 bats (D:1)
  12 endoplasms
  6 giant cockroaches
  3 goblins
  9 hobgoblins
  5 quokkas
  3 ball pythons
  A frilled lizard (D:1)
  13 kobolds
  6 rats
78 creatures vanquished.

Notes
Turn   | Place    | Note
-------+----------+-------------------------------------------
     0 | D:1      | cforsyth the Djinni Chaos Knight began the quest for the
                  | Orb.
     0 | D:1      | Reached XP level 1. HP: 20/20 MP: 0/0
   187 | D:1      | Reached XP level 2. HP: 24/25 MP: 0/0
   223 | D:1      | XOM: cloud trail
   396 | D:1      | Reached skill level 1 in Spellcasting
   396 | D:1      | Reached skill level 1 in Conjurations
   396 | D:1      | Reached skill level 1 in Hexes
   396 | D:1      | Reached skill level 1 in Summonings
   396 | D:1      | Reached skill level 1 in Necromancy
   396 | D:1      | Reached skill level 1 in Translocations
   396 | D:1      | Reached skill level 1 in Transmutations
   396 | D:1      | Reached skill level 1 in Fire Magic
   396 | D:1      | Reached skill level 1 in Ice Magic
   396 | D:1      | Reached skill level 1 in Air Magic
   396 | D:1      | Reached skill level 1 in Earth Magic
   396 | D:1      | Reached skill level 1 in Poison Magic
   487 | D:1      | XOM: 6-stop teleportation journey
   590 | D:1      | Reached XP level 3. HP: 30/30 MP: 0/0
   590 | D:1      | Learned a level 1 spell: Necrotise
  1124 | D:2      | XOM: cleaving
  1178 | D:2      | Reached XP level 4. HP: 34/37 MP: 0/0
  1437 | D:2      | Identified the +3 leather armour "Beliob" {Stlth+}
  1588 | D:2      | Reached skill level 4 in Fighting
  1697 | D:2      | XOM: god gift: wand of paralysis (5)
  1944 | D:3      | Found Sillucad's Magic Scroll Boutique.
  1947 | D:3      | XOM: confusion
  2181 | D:3      | Reached XP level 5. HP: 35/41 MP: 0/0
  2181 | D:3      | Learned a level 2 spell: Call Imp
  2242 | D:3      | XOM: summons 2 hostile shadow creatures
  2307 | D:3      | XOM: 5-stop teleportation journey
  2381 | D:3      | Found a faded altar of an unknown god.
  2650 | D:3      | XOM: god gift: scale mail {god gift}
  2886 | D:4      | XOM: god gift: scroll labelled LUBBIM QUTOEB {god gift}
  2887 | D:4      | Reached XP level 6. HP: 49/49 MP: 0/0
  2951 | D:3      | XOM: smoke on damage
  3122 | D:3      | XOM: cleaving
  3127 | D:3      | Reached skill level 5 in Fighting
  3206 | D:4      | XOM: scenery: create altars
  3215 | D:4      | Shot with an arrow by a centaur

Illustrated notes

Levels and vault maps discovered:
D:1:      kilobyte_arrival_exit_the_forest, layout_basic,
          nicolae_houndstooth_variations
D:2:      layout_loops_corners
D:3:      layout_loops_ring, nicolae_kikubaaqudgha_miasma_corner, serial_shops,
          nicolae_shop_window_shopping, shapermc_ecumenical_altar_ellora
D:4:      layout_loops_cross, minmay_manual_mares

Skill      XL: |  1  2  3  4  5  6 |
---------------+-------------------+-----
Spellcasting   | 1 2 |  2.9
Conjurations   | 1 2 |  2.9
Hexes          | 1 2 |  2.9
Summonings     | 1 2 |  2.9
Necromancy     | 1 2 |  2.9
Translocations | 1 2 |  2.9
Transmutations | 1 2 |  2.9
Fire Magic     | 1 2 |  2.9
Ice Magic      | 1 2 |  2.9
Air Magic      | 1 2 |  2.9
Earth Magic    | 1 2 |  2.9
Poison Magic   | 1 2 |  2.9
Fighting       | 4 5 |  5.1
Long Blades    | |  2.6
Armour         | |  1.0
Dodging        | |  2.1

Action                     |  1- 3 |  4- 6 || total
---------------------------+-------+-------++-------
  Melee: Falchion          |    90 |       ||    90
         Whip              |    18 |   192 ||   210
         Punch             |       |     2 ||     2
    Use: Potion            |       |     1 ||     1
   Stab: Sleeping          |       |     5 ||     5
         Distracted        |       |     1 ||     1
 Armour: Leather armour    |    68 |   147 ||   215
  Dodge: Dodged            |    62 |    97 ||   159

Table legend: (Time is in decaauts)
 A = Elapsed time spent in this place.
 B = Non-inter-level travel time spent in this place.
 C = Inter-level travel time spent in this place.
 D = Time resting spent in this place.
 E = Time spent auto-exploring this place.
 F = Levels seen in this place.
 G = Mean time per level.
                   A        B        C        D        E       F      G
               +--------+--------+--------+--------+--------+-----+--------+
         Total |   3251 |   3092 |    159 |    229 |   2175 |   4 |  812.8 |
       Dungeon |   3251 |   3092 |    159 |    229 |   2175 |   4 |  812.8 |
               +--------+--------+--------+--------+--------+-----+--------+

Top non-repeatable levels by time:
     D:3: 1147 daAuts
     D:1: 993 daAuts
     D:2: 970 daAuts
     D:4: 139 daAuts
